 Dungeon Crawl Stone Soup version 0.22-a0-812-g4c1e2d5471 (webtiles) character file.

28955 Mirvelgyr the Severer (level 13, -11/178 HPs)
             Began as a Minotaur Berserker on July 23, 2018.
             Was a High Priest of Trog.
             Mangled by a death knight
             ... wielding a +4 battleaxe
              (14 damage)
             ... on level 14 of the Dungeon.
             The game lasted 00:17:17 (13994 turns).

Mirvelgyr the Severer (Minotaur Berserker)         Turns: 13994, Time: 00:17:18

Health: -11/178    AC: 20    Str: 28    XL:     13   Next: 12%
Magic:  12/12      EV: 14    Int:  4    God:    Trog [*****.]
Gold:   137        SH:  0    Dex: 14    Spells: 12/12 levels left

rFire    + . .     SeeInvis .   I - +3 battleaxe
rCold    . . .     Gourm    .   (shield currently unavailable)
rNeg     . . .     Faith    .   H - +0 plate armour
rPois    .         Spirit   .   (helmet restricted)
rElec    .         Reflect  .   j - +2 cloak
rCorr    .         Harm     .   (no gloves)
MR       +....                  G - +0 pair of boots
Stlth    ..........             (no amulet)
HPRegen  1.39/turn              y - ring of protection from fire
MPRegen  0.13/turn              (no ring)

@: berserking, vulnerable, regenerating, very quick
A: retaliatory headbutt, horns 2
a: Berserk, Trog's Hand, Brothers in Arms, Renounce Religion


You were on level 14 of the Dungeon.
You worshipped Trog.
Trog was extremely pleased with you.
You were near starving.

You visited 1 branch of the dungeon, and saw 14 of its levels.

You collected 867 gold pieces.
You spent 730 gold pieces at shops.

Inventory:

Hand Weapons
 I - a +3 battleaxe (weapon)
Armour
 j - a +2 cloak (worn)
 G - a +0 pair of boots (worn)
 H - a +0 plate armour (worn)
Jewellery
 y - a ring of protection from fire (left hand)
Wands
 d - a wand of flame (25)
 D - a wand of digging (34)
Scrolls
 b - 9 scrolls of teleportation
 e - 9 scrolls of remove curse
 f - a scroll of identify
 g - 2 scrolls of fog
 h - 3 scrolls of fear
 m - 3 scrolls of enchant armour
 q - 3 scrolls of magic mapping
 s - 2 scrolls of summoning
Potions
 a - 5 potions of curing
 k - 2 potions of magic
 o - a potion of ambrosia
 p - a potion of mutation {unknown}
 t - 3 potions of brilliance
 x - 5 potions of flight
 z - 2 potions of agility
 A - 3 potions of haste
 C - 3 potions of heal wounds
Comestibles
 c - 20 rations
 i - 6 chunks of flesh


   Skills:
 + Level 12.3 Fighting
 * Level 16.4 Axes
 + Level 12.0 Armour
 + Level 11.2 Dodging


You had 12 spell levels left.
You didn't know any spells.
Your spell library was empty.

Dungeon Overview and Level Annotations

Branches:
Dungeon (14/15)            Temple (0/1) D:7            Lair (0/6) D:10
    Orc (0/2) D:10         Vaults (0/5) D:13

Altars:
Cheibriados
Dithmenos
Elyvilon
Gozag
Hepliaklqana
Okawaru
Ru
Trog
Vehumet
Wu Jian
Xom
Zin
The Shining One

Shops:
D:3 *   D:10 !   D:12 %

Annotations:
D:14 Agnes


Innate Abilities, Weirdness & Mutations

You reflexively headbutt those who attack you in melee.
You have a pair of horns on your head.


Message History

You feel the effects of Trog's Hand fading.
Agnes hits you with a lajatang of speed!!
* * * LOW HITPOINT WARNING * * *
Agnes hits you with a lajatang of speed!!
* * * LOW HITPOINT WARNING * * *
You closely miss the death knight. Your headbutt misses the death knight.
The death knight is almost dead.
You slash the freezing wraith! You slice Agnes!!
The death knight calls down the wrath of Yredelemnul upon you.
You resist with significant effort. Agnes hits you but does no damage.
You hit the freezing wraith.
Your headbutt misses the freezing wraith.
The freezing wraith is heavily damaged.
You slash Agnes!
Your plate armour prevents you from hitting the death knight.
The freezing wraith hits you but does no damage. x2
Agnes hits you with a lajatang of speed!!
* * * LOW HITPOINT WARNING * * *
The death knight hits you with an enchanted battleaxe!
You die...

.........# #......#..#.....
...(.....#.......#......#..####..
.......###.......#..#####.....#..
.......# ........#..#.........#..
.....### ........#..#.........###
.....# ........#..#............
.....# ........#..###'###......
.....# ......p.#........#####+#
.....# ......W@#.######........
.....####+####.i.'.# #........
.............#...#.# #........
............(#...### #..######
.............#..##.## #..#.....
.............####...## #..'.....
..............##..#..####..#.....
..............#..###.<#....######
..............##..#..##..........


You could see Agnes, a death knight and a freezing wraith.

Vanquished Creatures
  Azrael (D:12)
  Josephine (D:13)
  2 centaur warriors
  2 dancing weapons (D:13)
  5 two-headed ogres
  A skeletal warrior (D:14)
  A phantasmal warrior (D:14)
  A wolf spider zombie (D:11)
  6 ugly things
  4 cyclopes
  2 manticores
  A gargoyle (D:10)
  3 centaur skeletons
  2 kobold demonologists
  A freezing wraith (D:14)
  5 trolls
  3 hornets (D:8)
  3 slime creatures (D:12)
  4 hippogriffs
  2 shadows
  4 wraiths (D:13)
  5 yaks (D:10)
  3 wyverns
  A fire elemental (D:12)
  A soldier ant (D:8)
  A water moccasin (D:13)
  An acid dragon (D:12)
  4 hell hounds (D:12)
  10 orc warriors
  A black bear (D:8)
  10 ogres
  2 phantoms
  4 ice beasts
  7 sky beasts
  4 eyes of draining
  A necrophage (D:7)
  4 centaurs
  2 wolves (D:10)
  4 big kobolds
  5 bullfrogs
  8 scorpions
  A wyvern skeleton (D:14)
  9 killer bees
  A water moccasin skeleton (D:8)
  5 wights (D:13)
  3 electric eels (D:10)
  2 howler monkeys
  5 crimson imps
  A jelly (D:6)
  2 quasits
  2 bullfrog zombies
  3 bullfrog skeletons
  14 hounds
  10 orc priests
  9 orc wizards
  3 iguanas
  Natasha (twice) (D:4)
  7 worker ants
  Robin (D:2)
  A worker ant zombie (D:6)
  7 gnolls
  13 adders
  2 shadow imps
  4 worms
  2 dart slugs (D:2)
  4 leopard geckos
  42 orcs
  4 bats
  4 giant cockroaches
  13 goblins
  10 hobgoblins
  12 jackals
  8 quokkas
  4 ball pythons
  4 frilled lizards
  24 kobolds
  A quokka skeleton (D:6)
  A quokka zombie (D:7)
  6 rats
378 creatures vanquished.

Notes
Turn   | Place    | Note
-------+----------+-------------------------------------------
     0 | D:1      | Mirvelgyr the Minotaur Berserker began the quest for the Orb.
     0 | D:1      | Reached XP level 1. HP: 19/19 MP: 0/0
   304 | D:1      | Reached XP level 2. HP: 27/27 MP: 1/1
   335 | D:1      | Reached skill level 4 in Axes
   853 | D:2      | Found a glowing silver altar of Zin.
   963 | D:2      | HP: 2/40 [worm (11)]
  1112 | D:2      | Found a bloodstained altar of Trog.
  1131 | D:2      | Found an iron altar of Okawaru.
  1211 | D:2      | Reached XP level 3. HP: 29/33 MP: 2/2
  1271 | D:2      | Noticed Robin
  1283 | D:2      | Killed Robin
  1288 | D:2      | Reached ** piety under Trog
  1391 | D:2      | Found a glowing golden altar of the Shining One.
  1572 | D:2      | Reached XP level 4. HP: 40/40 MP: 3/3
  1983 | D:3      | Found a shimmering altar of Xom.
  2079 | D:3      | Reached skill level 5 in Axes
  2193 | D:3      | Found a shadowy altar of Dithmenos.
  2478 | D:3      | Found an opulent altar of Gozag.
  2545 | D:3      | Found Gozag's Platinum Reserve.
  2744 | D:3      | Reached XP level 5. HP: 47/47 MP: 4/4
  3014 | D:4      | Noticed Natasha
  3027 | D:4      | Killed Natasha
  3055 | D:4      | Reached XP level 6. HP: 48/55 MP: 5/5
  3061 | D:4      | Reached skill level 6 in Axes
  3117 | D:4      | Noticed Natasha
  3122 | D:4      | Killed Natasha
  3122 | D:4      | Reached skill level 5 in Fighting
  3195 | D:4      | Reached *** piety under Trog
  3486 | D:5      | Entered Level 5 of the Dungeon
  3648 | D:5      | Reached XP level 7. HP: 60/61 MP: 6/6
  3740 | D:5      | Found an ornate altar of the Wu Jian Council.
  3800 | D:5      | Found a white marble altar of Elyvilon.
  3802 | D:5      | Found a snail-covered altar of Cheibriados.
  3808 | D:5      | Found a radiant altar of Vehumet.
  3810 | D:5      | Found a sacrificial altar of Ru.
  3980 | D:6      | Reached skill level 7 in Axes
  4184 | D:6      | Reached skill level 5 in Armour
  4442 | D:6      | Found a glowing golden altar of the Shining One.
  4567 | D:6      | Found a hazy altar of Hepliaklqana.
  4704 | D:6      | Reached skill level 8 in Axes
  4704 | D:6      | Reached XP level 8. HP: 61/70 MP: 7/7
  4883 | D:7      | Reached skill level 5 in Dodging
  5075 | D:7      | Reached skill level 9 in Axes
  5122 | D:7      | Noticed a hippogriff
  5130 | D:7      | Killed a hippogriff
  5191 | D:7      | Reached **** piety under Trog
  5195 | D:7      | Found a staircase to the Ecumenical Temple.
  5501 | D:7      | Reached XP level 9. HP: 75/79 MP: 8/8
  6221 | D:8      | Reached skill level 10 in Axes
  6757 | D:8      | Paralysed by a hornet for 1 turns
  6766 | D:8      | Reached skill level 11 in Axes
  7627 | D:9      | Reached XP level 10. HP: 56/90 MP: 9/9
  7844 | D:9      | Noticed a two-headed ogre
  7854 | D:9      | Killed a two-headed ogre
  8389 | D:10     | Entered Level 10 of the Dungeon
  8418 | D:10     | Reached skill level 12 in Axes
  8571 | D:10     | Found Ymuar's Distillery.
  8582 | D:10     | Bought a potion of heal wounds for 50 gold pieces
  8582 | D:10     | Bought a potion of curing for 30 gold pieces
  8582 | D:10     | Bought a potion of curing for 30 gold pieces
  8582 | D:10     | Bought a potion of haste for 100 gold pieces
  8582 | D:10     | Bought 2 potions of heal wounds for 100 gold pieces
  8582 | D:10     | Bought a potion of curing for 30 gold pieces
  8582 | D:10     | Bought a potion of flight for 30 gold pieces
  8837 | D:10     | Noticed a gargoyle
  8864 | D:10     | Killed a gargoyle
  8948 | D:10     | Found a staircase to the Lair.
  9401 | D:10     | Reached skill level 13 in Axes
  9414 | D:10     | Received a gift from Trog
  9419 | D:10     | Reached XP level 11. HP: 82/99 MP: 10/10
  9474 | D:10     | Found a staircase to the Orcish Mines.
  9719 | D:11     | Noticed a two-headed ogre
  9728 | D:11     | Killed a two-headed ogre
  9728 | D:11     | Reached skill level 10 in Fighting
  9995 | D:11     | Reached ***** piety under Trog
 10631 | D:11     | Reached skill level 10 in Armour
 10632 | D:11     | Noticed a red ugly thing
 10642 | D:11     | Killed a red ugly thing
 10872 | D:12     | Reached skill level 14 in Axes
 10946 | D:12     | Noticed a cyan ugly thing
 10973 | D:12     | HP: 4/101 [cyan ugly thing (13)]
 10975 | D:12     | Killed a cyan ugly thing
 11237 | D:12     | Noticed Azrael
 11253 | D:12     | Killed Azrael
 11649 | D:12     | Noticed a brown ugly thing
 11662 | D:12     | Killed a brown ugly thing
 11662 | D:12     | Reached XP level 12. HP: 93/110 MP: 11/11
 11992 | D:12     | Reached skill level 10 in Dodging
 12060 | D:12     | Found Ostaof's Food Emporium.
 12068 | D:12     | Bought a ration for 60 gold pieces
 12068 | D:12     | Bought a ration for 60 gold pieces
 12068 | D:12     | Bought a ration for 60 gold pieces
 12068 | D:12     | Bought a ration for 60 gold pieces
 12068 | D:12     | Bought a ration for 60 gold pieces
 12068 | D:12     | Bought a ration for 60 gold pieces
 12073 | D:12     | Received a gift from Trog
 12299 | D:13     | Noticed Josephine
 12310 | D:13     | Killed Josephine
 12321 | D:13     | Reached skill level 15 in Axes
 12420 | D:13     | Found a gate to the Vaults.
 12702 | D:13     | Noticed a two-headed ogre
 12708 | D:13     | Killed a two-headed ogre
 13128 | D:13     | Noticed a centaur warrior
 13134 | D:13     | Killed a centaur warrior
 13231 | D:13     | Noticed a two-headed ogre
 13236 | D:13     | Killed a two-headed ogre
 13291 | D:13     | Noticed a two-headed ogre
 13302 | D:13     | Killed a two-headed ogre
 13539 | D:14     | Reached skill level 16 in Axes
 13620 | D:14     | Received a gift from Trog
 13761 | D:14     | Noticed a centaur warrior
 13773 | D:14     | Killed a centaur warrior
 13882 | D:14     | Reached XP level 13. HP: 88/118 MP: 12/12
 13981 | D:14     | Noticed Agnes
 13994 | D:14     | HP: 3/178 [Agnes/lajatang of speed (19)]
 13994 | D:14     | Mangled by a death knight

Vault maps used:
D:1:      evilmike_arrival_run_for_it
D:2:      cheibrodos_old_hovel, nicolae_overflow_crystal_walls,
          nicolae_overflow_hidden_temple, lemuel_coloured_pillars_altar,
          okawaru_ov_weapons_minmay, first_ration, uniq_robin
D:3:      nicolae_dithmenos_shadow_blocks, xom_butterflies,
          nicolae_gozag_zags_fifth_avenue
D:4:      kennysheep_nub, uniq_natasha
D:5:      kennysheep_mini, minitemple
D:6:      overflow_temple_1_default, tso_metal_star
D:7:      minmay_temple_entry_grid
D:8:      hangedman_pestilent_swarm
D:9:      hex_tiny, minivault_25, kennysheep_nondescript
D:10:     erik_lair_island, david_orc_4, serial_shops,
          nicolae_shop_temple_entry_statues_fountains
D:12:     serial_shops, shop, stair_cage_line, uniq_azrael
D:13:     erik_vaults_1, uniq_josephine
D:14:     infiniplex_staircase_diamond, uniq_agnes

Skill      XL: |  1  2  3  4  5  6  7  8  9 10 11 12 13 |
---------------+----------------------------------------+-----
Axes           | 4 5 6 8 9 11 13 14 16 | 16.4
Fighting       | 4 5 6 7 8 9 11 12 | 12.3
Armour         | 3 4 5 6 8 9 10 11 12 | 12.0
Dodging        | 3 4 6 7 8 9 11 | 11.2

Action                   |  1- 3 |  4- 6 |  7- 9 | 10-12 | 13-15 || total
-------------------------+-------+-------+-------+-------+-------++-------
Melee: Hand axe          |    78 |   141 |   268 |   582 |       ||  1069
       Headbutt          |    19 |    27 |    65 |   156 |       ||   267
       Battleaxe         |       |       |       |   109 |    16 ||   125
Invok: Berserk           |     1 |     1 |     2 |    12 |     1 ||    17
       Trog's Hand       |       |     3 |     2 |     9 |     1 ||    15
  Use: Scroll            |       |       |    13 |    10 |       ||    23
       Potion            |       |       |     1 |       |       ||     1
 Stab: Sleeping          |     1 |       |       |       |       ||     1
  Eat: Chunk             |     2 |     7 |    12 |    21 |       ||    42
       Ration            |     2 |       |     1 |     4 |       ||     7
Armor: Animal skin       |     9 |     3 |       |       |       ||    12
       Scale mail        |       |    32 |    71 |    53 |       ||   156
       Plate armour      |       |       |       |   171 |    15 ||   186
Dodge: Dodged            |    35 |    80 |   148 |   356 |    14 ||   633

Table legend:
 A = Spawn XP
 B = Non-spawn XP
 C = Spawn XP percentage of total XP
 D = Spawn monster count
 E = Non-spawn monster count
 F = Spawn count percentage of total count
 G = Total turns spent on level
                    A         B        C        D         E        F      G
               +---------+---------+-------+---------+---------+-------+---------
         Total |       0 |   41365 |   0.0 |       0 |     378 |   0.0 | 13994
               +---------+---------+-------+---------+---------+-------+---------
           D:1 |       0 |      28 |   0.0 |       0 |      16 |   0.0 |   808
           D:2 |       0 |     101 |   0.0 |       0 |      32 |   0.0 |  1247
           D:3 |       0 |      71 |   0.0 |       0 |      19 |   0.0 |   840
           D:4 |       0 |     437 |   0.0 |       0 |      22 |   0.0 |   591
           D:5 |       0 |     170 |   0.0 |       0 |       8 |   0.0 |   478
           D:6 |       0 |     638 |   0.0 |       0 |      22 |   0.0 |   901
           D:7 |       0 |    1427 |   0.0 |       0 |      21 |   0.0 |   801
           D:8 |       0 |    2286 |   0.0 |       0 |      17 |   0.0 |  1744
           D:9 |       0 |    1969 |   0.0 |       0 |      22 |   0.0 |  1104
          D:10 |       0 |    4525 |   0.0 |       0 |      56 |   0.0 |  1287
          D:11 |       0 |    4576 |   0.0 |       0 |      33 |   0.0 |  1040
          D:12 |       0 |    6684 |   0.0 |       0 |      50 |   0.0 |  1458
          D:13 |       0 |   11817 |   0.0 |       0 |      36 |   0.0 |  1228
          D:14 |       0 |    6636 |   0.0 |       0 |      24 |   0.0 |   467
               +---------+---------+-------+---------+---------+-------+---------
